 Dungeon Crawl Stone Soup version 0.31-a0-217-g58bb5d79cf (webtiles) character file.

Game seed: 7749123315791516770

96949 olmar the Ogre Mage (level 16, -10/167 HPs)
             Began as an Ogre Hedge Wizard on July 2, 2023.
             Was an Initiate of Gozag.
             Killed from afar by a raiju (18 damage)
             ... with a living lightning
             ... on level 2 of the Abyss.
             The game lasted 01:46:12 (47736 turns).

olmar the Ogre Mage (Ogre Hedge Wizard)            Turns: 47736, Time: 01:46:12

Health: -10/167    AC:  4    Str: 17 (18) XL:     16   Next: 18%
Magic:  0/45       EV: 11    Int: 18 (21) God:    Gozag
Gold:   3244       SH:  8    Dex:  6      Spells: 5/48 levels left

rFire   . . .        o - +9 staff of Olgreb {rPois∞}
rCold   x . .        (no shield)
rNeg    . . .        E - +0 steam dragon scales
rPois   ∞            K - +1 hat
rElec   .            h - scarf {repulsion}
rCorr   .            (gloves unavailable)
SInv    +            (boots unavailable)
Will    ++...        c - brooch of Shielding {Spirit SH+8}
Stlth   +            s - ring "Raywacw" {Fire Will+ MP+9 SInv}
HPRegen 0.47/turn    n - ring of wizardry
MPRegen 0.29/turn

%: repel missiles, guardian spirit, wizardry (x1)
@: mighty, forested
A: large, unfitting armour, tough skin 1, [clumsy 1], [deformed body],
[deterioration 2], [heat vulnerability 1]
a: Renounce Religion, Evoke the Staff of Olgreb, Potion Petition, Call Merchant,
Bribe Branch


You were on level 2 of the Abyss.
You worshipped Gozag.
Gozag was most pleased with you.
You visited 5 branches of the dungeon, and saw 23 of its levels.
You visited the Abyss 1 time.
You also visited: Trove and Sewer.

You collected 9399 gold pieces.
You spent 2911 gold pieces at shops.
You paid 3244 gold pieces to Gozag.

Inventory:

Hand Weapons
 o - the +9 staff of Olgreb (weapon) {rPois∞}
   (You found it on level 5 of the Dungeon)

   It enhances your poison magic.
   It grants immunity to poison.
   It can be activated via the 'a'bility menu to radiate toxic energy, with
   effectiveness depending on Evocations skill.
Missiles
 j - 3 curare-tipped darts
Armour
 h - a scarf of repulsion (worn)
 C - a +0 cloak
 E - +0 steam dragon scales (worn)
 K - a +1 hat (worn)
 O - a +1 cloak of preservation
Jewellery
 b - a +6 ring of intelligence
 c - the brooch of Shielding (around neck) {Spirit SH+8}
   (You found it in a treasure trove)

   [amulet of guardian spirit]

   It causes incoming damage to be divided between your reserves of health and
   magic.
   SH:        It affects your SH (+8).
 f - the ring "Iteson" {Dex+6 Slay+3 Stlth+}
   (You found it in a treasure trove)

   [ring of dexterity]

   Dex:       It affects your dexterity (+6).
   Slay:      It affects your accuracy & damage with ranged weapons and melee
   (+3).
   Stlth:     It makes you more stealthy.
 g - the ring "Ceicodeg" {rF+ Str+6 Dex+2}
   (You found it in a treasure trove)

   [ring of strength]

   Str:       It affects your strength (+6).
   Dex:       It affects your dexterity (+2).
   rF:        It protects you from fire.
 i - the ring of Jauleoq {rF+ Str+6 Dex+2}
   (You found it in a treasure trove)

   [ring of protection from fire]

   Str:       It affects your strength (+6).
   Dex:       It affects your dexterity (+2).
   rF:        It protects you from fire.
 n - a ring of wizardry (right hand)
 s - the ring "Raywacw" (left hand) {Fire Will+ MP+9 SInv}
   (You found it in a treasure trove)

   [ring of fire]

   It enhances your fire magic.
   rF:        It protects you from fire.
   rC:        It makes you vulnerable to cold.
   MP:        It affects your magic capacity (+9).
   SInv:      It lets you see invisible.
   Will:      It increases your willpower.
 v - a ring of magical power
 x - the amulet "Dasos" {Spirit rPois rC- rN+}
   (You found it in a treasure trove)

   [amulet of guardian spirit]

   It causes incoming damage to be divided between your reserves of health and
   magic.
   rC:        It makes you vulnerable to cold.
   rPois:     It protects you from poison.
   rN:        It protects you from negative energy.
 M - the amulet "Ziptau" {Acrobat rN+}
   (You found it in a treasure trove)

   [amulet of the acrobat]

   It increases your evasion while moving and waiting.
   rN:        It protects you from negative energy.
 N - an amulet of regeneration
 Q - an amulet of magic regeneration
Wands
 k - a wand of digging (3)
 p - a wand of flame (8) (quivered)
 t - a wand of roots (5)
 F - a wand of polymorph (3)
 U - a wand of paralysis (3)
 Z - a wand of quicksilver (4)
Scrolls
 a - 4 scrolls of revelation
 m - a scroll of silence
 r - a scroll of brand weapon
 u - 5 scrolls of enchant armour
 w - a scroll of amnesia
 y - 2 scrolls of enchant weapon
 B - 2 scrolls of blinking
 D - 4 scrolls of vulnerability
 G - 2 scrolls of fear
 H - 2 scrolls of poison
 I - a scroll of butterflies
 P - 5 scrolls of teleportation
 R - 2 scrolls of fog
 W - a scroll of identify
Potions
 d - 5 potions of magic
 e - 5 potions of attraction
 l - 4 potions of enlightenment
 q - a potion of resistance
 z - a potion of might
 A - 2 potions of lignification
 J - 3 potions of cancellation
 L - 2 potions of haste
 S - a potion of brilliance
 T - a potion of mutation
 V - a potion of curing
Miscellaneous
 X - a phial of floods


   Skills:
 + Level 12.9 Fighting
 + Level 9.6 Staves
 - Level 0.1 Throwing
 + Level 10.5 Dodging
 - Level 1.6 Stealth
 - Level 0.9 Shields
 + Level 16.8 Spellcasting
 + Level 7.2 Conjurations
 + Level 2.2 Hexes
 + Level 10.1 Summonings
 + Level 7.8 Translocations
 + Level 0.4 Transmutations
 - Level 0.2 Fire Magic
 - Level 2.4 Air Magic
 + Level 0.5 Earth Magic
 + Level 4.3 Poison Magic


You had 5 spell levels left.
You knew the following spells:

 Your Spells              Type           Power      Damage    Failure   Level
a - Magic Dart            Conj           100%       1d8       1%          1
b - Mephitic Cloud        Conj/Pois/Air  47%        N/A       1%          3
c - Blink                 Tloc           86%        N/A       1%          2
d - Call Imp              Summ           100%       N/A       1%          2
e - Tukima's Dance        Hex            23%        N/A       1%          3
f - Summon Forest         Summ/Tloc      23%        N/A       1%          5
g - Momentum Strike       Conj/Tloc      84%        3d10      1%          2
h - Passwall              Tmut/Erth      13%        N/A       1%          2
i - Petrify               Tmut/Erth      16%        N/A       13%         4
j - Summon Cactus Giant   Summ           25%        N/A       4%          6
k - Summon Mana Viper     Hex/Summ       37%        N/A       3%          5
l - Sticky Flame          Conj/Fire      42%        2d6       3%          4
m - Flame Wave            Conj/Fire      42%        2d11      3%          4

Your spell library contained the following spells:

 Spells                   Type           Power      Damage    Failure   Level
 Apportation              Tloc           86%        N/A       1%          1
 Slow                     Hex            92%        N/A       1%          1
 Cigotuvi's Dreadful Rot  Necr/Pois/Air  68%        N/A       1%          2
 Ensorcelled Hibernation  Hex/Ice        38%        N/A       1%          2
 Lesser Beckoning         Tloc           86%        N/A       1%          2
 Confusing Touch          Hex            23%        N/A       1%          3
 Spider Form              Tmut/Pois      35%        N/A       1%          3
 Swiftness                Air            24%        N/A       1%          3
 Passage of Golubria      Tloc           43%        N/A       1%          4
 Sublimation of Blood     Necr           15%        N/A       2%          2
 Iskenderun's Battlesphe  Conj           41%        2d9       2%          5
 Inner Flame              Hex/Fire       29%        N/A       3%          3
 Ozocubu's Armour         Ice            15%        N/A       4%          3
 Vampiric Draining        Necr           15%        2d7       4%          3
 Irradiate                Conj/Tmut      14%        3d16      9%          5
 Anguish                  Hex/Necr       9%         N/A       11%         4
 Alistair's Intoxication  Tmut/Pois      23%        N/A       16%         5
 Yara's Violent Unravell  Hex/Tmut       9%         3d6       26%         5
 Ozocubu's Refrigeration  Ice            7%         4d9       100%        7
 Lehudib's Crystal Spear  Conj/Erth      14%        10d5      100%        8


Dungeon Overview and Level Annotations

Branches:
Dungeon (14/15)            Temple (1/1) D:7            Lair (5/5) D:9
  Swamp (0/4) Lair:3        Snake (0/4) Lair:2        Slime (0/5) Lair:4
    Orc (2/2) D:11            Elf (1/3) Orc:2         Sewer (visited)
 Vaults: D:13-14

Altars:
Ashenzari
Cheibriados
Dithmenos
Elyvilon
Fedhas
Gozag
Hepliaklqana
Kikubaaqudgha
Makhleb
Nemelex Xobeh
Okawaru
Qazlal
Ru
Sif Muna
Trog
Uskayaw
Vehumet
Wu Jian
Xom
Yredelemnul
Zin
The Shining One

Shops:
D:3 [   D:5 =   D:6 =   D:10 (   Orc:2 *?!**

Annotations:
D:2 Sigmund
D:4 3 runed translucent doors, AwFulAwFulPlayer's ghost, amateur GnWn
D:5 1 runed translucent door
Lair:5 exclusion: obsidian statue
Elf:1 Nikola


Innate Abilities, Weirdness & Mutations

You are too large for most types of armour.
You have tough skin. (AC +1)
[You are clumsy. (Dex -2)]
[Armour fits poorly on your strangely shaped body.]
[Your body often deteriorates upon taking damage.]
[You are vulnerable to heat. (rF-)]


Message History

Unknown command.
You feel better.
Unknown command.
Unknown command.
Casting: Summon Forest (mildly dangerous; 1% risk of failure)
Confirm with . or Enter, or press ? or * to list all spells.
Okay, then.
Casting: Summon Forest (mildly dangerous; 1% risk of failure)
Confirm with . or Enter, or press ? or * to list all spells.
A tiny devil pulls itself out of the air.
The raiju bursts into living lightning!
The living lightning hits you!
* * * LOW HITPOINT WARNING * * *
The living lightning hits the small abomination!
The living lightning hits the raiju.
The raiju completely resists.
The raiju blinks! x2
Unknown command.
Trunks creak and shift.
A tree reaches out but misses the raiju.
You swap places.
The small abomination closely misses your cerulean imp.
The small abomination misses your cerulean imp.
The trees move their gnarly branches around.
A tree reaches out and hits the large abomination!
The raiju bursts into living lightning!
The living lightning hits your cerulean imp.
Your cerulean imp resists.
The living lightning misses you.
The raiju blinks! x2
Your cerulean imp hits the raiju from afar with a +1 spear.
You feel better.
The raiju bursts into living lightning!
The living lightning hits you!
* * * LOW HITPOINT WARNING * * *
The raiju blinks!
The raiju bursts into living lightning!
The living lightning hits your cerulean imp.
Your cerulean imp resists.
The living lightning hits you!!
You die...
Your body crumbles into a pile of gold.

h#
##..♣..~≈~.##. .
.
#.#..X.#~~≈###.#
. .#
....##.~~≈♣..♣ .
...####
###X~R#.# .. ##
#x≈#..# # #####
#.#≈h≈..#♣# .
#.≈≈5##..♣ . #♣
♣.§..# .
#♣~#♣@#.#
~♣'#.♣♣ . ♣♣#.
.h# .# #.# ♣.
..# ~. .. ##. ##


You could see a large abomination, 2 raiju, a small abomination and a friendly
cerulean imp (summoned).

Vanquished Creatures
  Gastronok (Lair:2)
  An orc warlord (Orc:2)
  A dire elephant (Lair:5)
  5 hydras
  A ghost crab (Lair:3)
  2 catoblepae
  A boulder beetle (Lair:2)
  5 centaur warriors
  A death yak (D:8)
  A thrashing horror (Abyss:2)
  Urug (D:13)
  A large abomination (Abyss:2)
  5 skysharks
  A wretched star (Abyss:2)
  Lodul (D:14)
  A wizard (D:9)
  Pikel (D:4)
  2 lindwurms
  2 orc knights (Orc:2)
  3 deep elf pyromancers
  3 necromancers (Lair:5)
  An orc sorcerer (Orc:2)
  A deep elf zephyrmancer (Elf:1)
  2 manticores
  A salamander (Lair:2)
  A cyclops (D:11)
  Maurice (D:13)
  8 elephants (Lair:5)
  6 cane toads
  A gargoyle (D:12)
  An unseen horror (D:13)
  4 komodo dragons
  3 rime drakes
  6 trolls
  A polar bear (Lair:4)
  3 meliai (D:13)
  4 blink frogs
  A dream sheep (Lair:2)
  6 slime creatures
  2 water elementals (D:13)
  2 wraiths
  30 yaks
  3 nameless horrors
  Eustachio (D:6)
  4 humans (D:14)
  A redback (D:5)
  3 basilisks
  Grum (D:11)
  3 vampire mosquitoes
  2 steam dragons
  Menkaure (D:4)
  13 water moccasins
  24 orc warriors
  2 sky beasts
  2 black bears (D:5)
  2 ice beasts (D:7)
  3 ogres (D:14)
  2 elephant zombies (Lair:5)
  7 wolves
  3 phantoms
  20 centaurs
  4 kobold brigands
  11 bullfrogs
  7 scorpions
  A gnoll sergeant (D:6)
  2 wights (D:8)
  9 killer bees
  3 howler monkeys
  2 electric eels (D:13)
  A crimson imp (D:9)
  7 hounds
  18 orc priests
  3 jellies
  2 sleepcaps
  4 iguanas
  21 orc wizards
  A hound zombie (D:4)
  A howler monkey zombie (D:4)
  Robin (D:4)
  15 gnolls
  10 adders
  A river rat (Sewer)
  4 white imps
  An ufetubus (D:7)
  A dart slug (D:4)
  85 orcs
  10 ball pythons
  3 bats (D:1)
  8 endoplasms
  5 giant cockroaches
  15 goblins
  5 hobgoblins
  6 jackals
  19 kobolds
  4 quokkas
  2 frilled lizards (D:1)
  11 rats
  2 snaplasher vines (Lair:5)
527 creatures vanquished.

Vanquished Creatures (collateral kills)
  Jorgrun (D:13)
  The ghost of osoart the Tortoise, a journeyman MiFi of Zin (Orc:2)
  A dire elephant (Lair:5)
  A fire dragon (D:14)
  A rakshasa (D:14)
  5 boulder beetles
  2 catoblepae
  3 death yaks
  2 two-headed ogres
  A thrashing horror (Abyss:2)
  A lindwurm (Lair:1)
  2 orc knights (Orc:2)
  A wizard (D:14)
  A deep elf zephyrmancer (Elf:1)
  2 necromancers (D:14)
  3 deep elf pyromancers
  A stone giant zombie (Abyss:2)
  3 ugly things (D:14)
  A spectral boulder beetle (Lair:3)
  A manticore (D:11)
  5 elephants
  A large abomination (Abyss:2)
  A dire elephant zombie (Lair:5)
  10 cane toads
  Maggie (D:8)
  An unseen horror (D:13)
  3 rime drakes
  6 komodo dragons
  The ghost of fleet the Trooper, an amateur HOFi (D:6)
  2 polar bears
  2 trolls
  7 blink frogs
  A spectral dream sheep (Lair:3)
  5 slime creatures
  A vampire (D:10)
  2 water elementals (D:13)
  A wraith (D:11)
  31 yaks
  A nameless horror (D:5)
  3 wyverns
  A basilisk (Lair:2)
  2 humans (D:14)
  A chaos spawn (Abyss:2)
  A redback (D:5)
  4 vampire mosquitoes (D:14)
  A steam dragon (D:9)
  A warg (Orc:2)
  A death yak simulacrum (Lair:5)
  4 acid dragons
  10 water moccasins
  14 orc warriors
  An elephant zombie (Lair:5)
  4 ogres
  11 wolves
  6 centaurs (Orc:2)
  A phantom (D:5)
  3 kobold brigands
  An earth elemental (Elf:1)
  A gnoll sergeant (D:12)
  3 bullfrogs
  3 scorpions (D:5)
  2 wights (D:8)
  6 killer bees
  3 electric eels (D:13)
  4 lava snakes (Lair:2)
  8 orc priests
  A jelly (Lair:4)
  A gnoll bouda (D:8)
  3 hounds
  A sleepcap (D:6)
  An iguana (D:6)
  8 orc wizards
  3 adders
  8 gnolls
  A white imp (D:5)
  48 orcs
  4 goblins (D:4)
  2 kobolds
297 creatures vanquished.

Vanquished Creatures (others)
  A deep elf pyromancer (Elf:1)
  A human (D:14)
  2 orc wizards (D:8)
  14 snaplasher vines
18 creatures vanquished.

Grand Total: 842 creatures vanquished

Notes
Turn   | Place    | Note
-------+----------+-------------------------------------------
     0 | D:1      | olmar the Ogre Hedge Wizard began the quest for the Orb.
     0 | D:1      | Reached XP level 1. HP: 16/16 MP: 5/5
   228 | D:1      | Reached skill level 4 in Spellcasting
   272 | D:1      | Reached XP level 2. HP: 21/24 MP: 1/7
   573 | D:1      | Reached skill level 1 in Conjurations
   853 | D:1      | Reached XP level 3. HP: 31/31 MP: 7/9
  1570 | D:2      | Learned a level 3 spell: Mephitic Cloud
  1573 | D:2      | Learned a level 2 spell: Blink
  1849 | D:2      | Noticed Sigmund
  2049 | D:3      | Found Kalest's Armour Shoppe.
  2054 | D:3      | Found an ornate altar of the Wu Jian Council.
  2143 | D:3      | Reached XP level 4. HP: 36/39 MP: 4/10
  2173 | D:3      | HP: 1/39 [orc priest/divine providence (13)]
  2179 | D:3      | Reached skill level 5 in Spellcasting
  2226 | D:3      | Learned a level 2 spell: Call Imp
  2311 | D:3      | Reached XP level 5. HP: 36/46 MP: 9/12
  2337 | D:3      | Reached skill level 1 in Fighting
  2337 | D:3      | Reached skill level 1 in Translocations
  2349 | D:3      | Found a glowing drain.
  2357 | Sewer    | Entered a sewer
  2469 | Sewer    | Noticed a kobold brigand
  2642 | Sewer    | Noticed a kobold brigand
  2658 | Sewer    | Killed a kobold brigand
  2659 | Sewer    | Reached skill level 1 in Summonings
  2860 | Sewer    | Killed a kobold brigand
  2861 | Sewer    | Reached XP level 6. HP: 42/57 MP: 0/14
  2981 | Sewer    | Found a white marble altar of Elyvilon.
  3493 | D:3      | Reached skill level 6 in Spellcasting
  3670 | D:4      | Reached XP level 7. HP: 39/66 MP: 4/16
  3843 | D:4      | Noticed Robin
  3875 | D:4      | Killed Robin
  4025 | D:4      | Noticed Menkaure
  4054 | D:4      | Reached skill level 1 in Poison Magic
  4158 | D:4      | Killed Menkaure
  4296 | D:4      | Noticed Pikel
  4344 | D:4      | Killed Pikel
  4345 | D:4      | Reached skill level 7 in Spellcasting
  4345 | D:4      | Reached skill level 1 in Air Magic
  4345 | D:4      | Reached XP level 8. HP: 43/78 MP: 12/19
  4560 | D:4      | You fall into a shaft and drop 2 floors!
  4794 | D:6      | Found Ygystil's Jewellery Emporium.
  5021 | D:5      | Entered Level 5 of the Dungeon
  5067 | D:6      | Found a shimmering altar of Xom.
  5266 | D:6      | Noticed Eustachio
  5283 | D:6      | Found a shimmering blue altar of Sif Muna.
  5297 | D:6      | Reached skill level 5 in Fighting
  5297 | D:6      | Reached skill level 8 in Spellcasting
  5415 | D:6      | Noticed fleet's ghost (amateur HOFi)
  5416 | D:6      | Found a runed translucent gate.
  5417 | D:6      | Found a runed translucent gate.
  5418 | D:6      | Found a runed translucent gate.
  5471 | D:6      | Reached XP level 9. HP: 32/88 MP: 7/21
  5681 | D:5      | Found Amemakh's Jewellery Emporium.
  5729 | D:5      | Reached skill level 5 in Dodging
  6102 | D:4      | Found a runed translucent gate.
  6102 | D:4      | Found a runed translucent gate.
  6102 | D:4      | Found a runed translucent gate.
  6102 | D:4      | Noticed AwFulAwFulPlayer's ghost (amateur GnWn)
  6110 | D:4      | Found a basalt altar of Yredelemnul.
  7101 | D:5      | Found a runed translucent gate.
  7102 | D:5      | Found a runed translucent door.
  7102 | D:5      | Found a runed translucent gate.
  7113 | D:5      | Found a runed translucent gate.
  7116 | D:5      | Found a runed translucent door.
  7134 | D:5      | Found the +9 staff of Olgreb {rPois∞}
  7163 | D:5      | Found a hide-covered altar of Uskayaw.
  8784 | D:6      | Killed Eustachio
  9868 | D:7      | Reached skill level 9 in Spellcasting
  9938 | D:7      | Reached XP level 10. HP: 68/100 MP: 19/23
 10039 | D:7      | Found a staircase to the Ecumenical Temple.
 10042 | D:7      | Identified the +0 leather armour "Wuhe" {Slay+5}
 10047 | Temple   | Entered the Ecumenical Temple
 10057 | Temple   | Became a worshipper of Gozag Ym Sagoz the Greedy
 10355 | D:7      | Found a sparkling altar of Nemelex Xobeh.
 12600 | D:7      | Reached skill level 5 in Summonings
 12806 | D:8      | Noticed Maggie
 13074 | D:8      | Reached skill level 5 in Conjurations
 13082 | D:8      | Reached skill level 10 in Spellcasting
 13376 | D:8      | Learned a level 3 spell: Tukima's Dance
 13383 | D:8      | Learned a level 5 spell: Summon Forest
 13485 | D:8      | Killed Maggie
 15322 | D:5      | Reached XP level 11. HP: 77/111 MP: 17/25
 15987 | D:5      | Reached skill level 11 in Spellcasting
 16421 | D:9      | Noticed a two-headed ogre
 16590 | D:9      | Killed a two-headed ogre
 16900 | D:9      | Noticed a wizard
 16928 | D:9      | Killed a wizard
 16929 | D:9      | Reached skill level 1 in Staves
 17148 | D:9      | Noticed a five-headed hydra
 17163 | D:9      | Killed a five-headed hydra
 17625 | D:9      | Noticed a death yak
 17629 | D:9      | Noticed a death yak
 17630 | D:9      | Noticed a death yak
 17652 | D:9      | Killed a death yak
 17697 | D:8      | Killed a death yak
 17829 | D:9      | Killed a death yak
 18002 | D:9      | Found a staircase to the Lair.
 18238 | D:10     | Entered Level 10 of the Dungeon
 18778 | D:10     | Reached XP level 12. HP: 105/123 MP: 20/27
 18786 | D:10     | Reached skill level 12 in Spellcasting
 19023 | D:10     | Found a white marble altar of Elyvilon.
 19466 | D:10     | Found Sinihat's Antique Weapon Boutique.
 19664 | D:9      | Learned a level 2 spell: Momentum Strike
 19671 | Lair:1   | Entered Level 1 of the Lair of Beasts
 19761 | Lair:1   | Noticed a catoblepas
 21820 | Lair:1   | Killed a catoblepas
 21821 | Lair:1   | Reached skill level 5 in Staves
 22384 | Lair:2   | Learned a level 2 spell: Passwall
 22503 | Lair:2   | Reached skill level 13 in Spellcasting
 22796 | Lair:2   | Noticed a boulder beetle
 22797 | Lair:2   | Noticed Gastronok
 22812 | Lair:2   | Noticed a skyshark
 22816 | Lair:2   | Killed a boulder beetle
 22818 | Lair:2   | Reached skill level 10 in Fighting
 22822 | Lair:2   | Killed a skyshark
 22823 | Lair:2   | Reached XP level 13. HP: 50/133 MP: 7/30
 22842 | Lair:2   | Killed Gastronok
 22843 | Lair:2   | Reached skill level 5 in Translocations
 24743 | Lair:2   | Found a staircase to the Snake Pit.
 25685 | Lair:2   | Reached skill level 14 in Spellcasting
 27687 | Lair:3   | Found a staircase to the Swamp.
 28128 | Lair:3   | Learned a level 4 spell: Petrify
 28487 | Lair:3   | Reached XP level 14. HP: 112/141 MP: 24/32
 29268 | Lair:4   | Found a staircase to the Slime Pits.
 30254 | Lair:4   | You fall into a shaft and drop 1 floor!
 30254 | Lair:5   | Entered Level 5 of the Lair of Beasts
 30256 | Lair:5   | Identified a scroll of acquirement
 30265 | Lair:5   | Acquired the +0 storm dragon scales of Uquvur {rElec Will+}
 31351 | Lair:5   | Reached skill level 15 in Spellcasting
 31719 | Lair:5   | Noticed a dire elephant
 31719 | Lair:5   | Noticed a dire elephant
 31719 | Lair:5   | Noticed a dire elephant
 31719 | Lair:5   | Noticed a dire elephant
 31759 | Lair:5   | Killed a dire elephant
 31768 | Lair:5   | Noticed a dire elephant
 32478 | Lair:5   | Noticed a dire elephant
 32917 | Lair:5   | Killed a dire elephant
 34346 | D:11     | Found a staircase to the Orcish Mines.
 35263 | D:11     | Noticed Grum
 35271 | D:11     | Killed Grum
 35900 | Orc:1    | Entered Level 1 of the Orcish Mines
 36189 | Orc:2    | Entered Level 2 of the Orcish Mines
 36189 | Orc:2    | Found a staircase to the Elven Halls.
 36247 | Orc:2    | Reached skill level 10 in Dodging
 36247 | Orc:2    | Reached XP level 15. HP: 25/156 MP: 2/34
 36702 | Orc:2    | Found a runed translucent gate.
 36702 | Orc:2    | Found a runed translucent gate.
 36702 | Orc:2    | Found a runed translucent gate.
 36704 | Orc:2    | Noticed osoart's ghost (journeyman MiFi)
 37273 | Orc:2    | HP: 7/156 [centaur/arrow (8)]
 38690 | Orc:2    | Found Siuqugum's General Store.
 38690 | Orc:2    | Found Aweranaly's Distillery.
 38692 | Orc:2    | Found Piluc's Magic Scroll Emporium.
 38694 | Orc:2    | Found Furrukk's Assorted Antiques.
 38698 | Orc:2    | Bought a potion of brilliance for 56 gold pieces
 38698 | Orc:2    | Bought a potion of curing for 42 gold pieces
 38701 | Orc:2    | Bought a scroll of acquirement for 936 gold pieces
 38701 | Orc:2    | Bought a scroll of blinking for 135 gold pieces
 38701 | Orc:2    | Bought a scroll of teleportation for 54 gold pieces
 38701 | Orc:2    | Bought a scroll of teleportation for 54 gold pieces
 38701 | Orc:2    | Acquired 1246 gold pieces
 38708 | Orc:2    | Bought a potion of curing for 96 gold pieces
 38716 | Orc:2    | Bought a scroll of identify for 74 gold pieces
 38792 | Orc:2    | Learned a level 6 spell: Summon Cactus Giant
 38798 | Orc:2    | Learned a level 5 spell: Summon Mana Viper
 38836 | Orc:2    | Killed osoart's ghost
 38837 | Orc:2    | Reached skill level 1 in Hexes
 38921 | Orc:1    | Noticed an orc warlord
 39027 | Elf:1    | Entered Level 1 of the Elven Halls
 39460 | Elf:1    | Noticed Nikola
 39467 | Elf:1    | HP: 2/157 [Nikola/arc of chain lightning (45)]
 39920 | D:5      | Bought an amulet of regeneration for 450 gold pieces
 40265 | Orc:2    | Killed an orc warlord
 40993 | D:12     | Found a portal to a secret trove of treasure.
 41559 | D:6      | Bought a +4 ring of slaying for 1014 gold pieces
 41701 | D:12     | You paid a toll of a +4 ring of slaying to enter a treasure
                  | trove
 41702 | Trove    | Entered a treasure trove
 41704 | Trove    | Found the brooch of Shielding {Spirit SH+8}
 41720 | Trove    | Identified the ring "Iteson" {Dex+6 Slay+3 Stlth+}
 41722 | Trove    | Identified the ring "Ceicodeg" {rF+ Str+6 Dex+2}
 41726 | Trove    | Identified the ring of Jauleoq {rF+ Str+6 Dex+2}
 41730 | Trove    | Identified the ring "Raywacw" {Fire Will+ MP+9 SInv}
 41734 | Trove    | Identified the ring "Enyagint" {rPois rF- Str+6 Dex+3
                  | Slay+3}
 41736 | Trove    | Identified the amulet "Dasos" {Spirit rPois rC- rN+}
 41738 | Trove    | Identified the amulet "Ziptau" {Acrobat rN+}
 41979 | D:6      | Killed fleet's ghost
 42577 | D:12     | Learned a level 4 spell: Sticky Flame
 42582 | D:12     | Learned a level 4 spell: Flame Wave
 42602 | D:13     | Noticed Jorgrun
 43159 | D:13     | Killed Jorgrun
 43160 | D:13     | Reached skill level 16 in Spellcasting
 43778 | D:13     | Got the Omnibus of the Frog
 44268 | D:13     | Noticed Maurice
 44286 | D:13     | Killed Maurice
 44291 | D:13     | Noticed Urug
 45378 | D:13     | Killed Urug
 46589 | D:14     | Found a shadowy altar of Dithmenos.
 46821 | D:14     | Noticed Lodul
 46853 | D:14     | Killed Lodul
 47110 | D:14     | Reached XP level 16. HP: 105/167 MP: 17/36
 47507 | D:14     | Reached skill level 10 in Summonings
 47519 | Abyss:2  | Cast into level 2 of the Abyss (a wizard)
 47699 | Abyss:2  | HP: 4/167 [chaos spawn (16)]
 47736 | Abyss:2  | HP: 8/167 [raiju/living lightning (14)]
 47736 | Abyss:2  | Killed from afar by a raiju

Illustrated notes

Levels and vault maps discovered:
D:1:      beargit_arrival_diablo_church, layout_basic
D:2:      layout_loops_ring, minmay_box_of_dots, uniq_sigmund
D:3:      layout_basic, mainiacjoe_overflow_tiny_flanked,
          gup_sewer_entry_bubbles, serial_shops,
          nicolae_shop_just_a_little_nook, minmay_shallow_snake_nest
D:4:      layout_basic, nicolae_yredelemnul_ghost_church, nrook_mini_backslash,
          chequers_garden, uniq_robin, uniq_pikel, uniq_menkaure
D:5:      layout_rooms, nicolae_uskayaw_murder_on_the_dancefloor,
          serial_aquarium, aquarium_bridge_long_joined
          [aquarium_subvault_bridge, aquarium_subvault_wall,
          aquarium_subvault_bridge, aquarium_subvault_balcony,
          aquarium_subvault_window, aquarium_subvault_window],
          aquarium_window_corridor_3, aquarium_window_1, aquarium_window_fake,
          aquarium_view_2d, aquarium_view_2b, aquarium_pool_2, serial_shops,
          nicolae_shop_waterfront, st_stairs_1, serial_park_tiny_pond,
          minmay_guarded_unrand_staff_of_olgreb
D:6:      layout_basic, mainiacjoe_overflow_cross_hatched,
          mainiacjoe_overflow_24_doors, serial_shops, shop,
          gammafunk_ghost_split, uniq_eustachio
D:7:      kennysheep_windowed_halls, layout_rooms,
          nemelex_xobeh_ov_fountains_minmay, temple_statues, eino_tiny_chamber
D:8:      layout_loops_cross, dreamdust_princess_bridge, abandoned_shop,
          uniq_maggie
D:9:      layout_grid_maze, dpeg_lair_monsters, lightli_wizard_tower
D:10:     layout_rooms, elyvilon_altar_3, serial_shops, shop
D:11:     layout_roguey, hiddenorc2_lemuel, uniq_grum
D:12:     layout_loops_ring, enter_trove_0, minivault_16
D:13:     layout_basic, uniq_jorgrun, uniq_urug, uniq_maurice
D:14:     layout_stronghold, grunt_vaults_entry_tiered,
          nicolae_concentric_dashed_squares_mild,
          grunt_dithmenos_smoke_and_mirrors, uniq_lodul
Temple:   nicolae_temple_no_exploring_needed
Lair:1:   layout_roguey, nicolae_lair_lindhole, grunt_megastairs_2,
          infiniplex_staircase_pool_2
Lair:2:   layout_chaotic_city, nicolae_snake_entry_warm_welcome,
          nzn_random_ring, uniq_gastronok
Lair:3:   layout_cave_pods, nicolae_swamp_entry_spooky
Lair:4:   layout_regular_city, minmay_slime_entry_pillars, st_stairs_4
Lair:5:   due_jungle_book, layout_cave_shapes, grunt_megastairs_5
Orc:1:    layout_caves
Orc:2:    st_orc_rangers, layout_diamond_mine, ebering_ghost_rock_garden,
          minmay_orc_temple_b
Elf:1:    minmay_elf_arrival_summoners, layout_geoelf_diagonals, serial_shops,
          nicolae_shop_drivethru, kennysheep_underground_church, uniq_nikola
Abyss:2:  base:
D:12

Skill      XL: |  1  2  3  4  5  6  7  8  9 10 11 12 13 14 15 16 |
---------------+-------------------------------------------------+-----
Spellcasting   | 4 5 6 7 8 9 10 11 13 14 15 16 | 16.8
Conjurations   | 1 2 3 4 5 6 7 |  7.2
Dodging        | 2 3 4 6 7 8 9 10 | 10.5
Fighting       | 2 4 5 6 8 9 10 12 | 12.9
Translocations | 1 2 3 4 6 7 |  7.8
Summonings     | 1 2 3 4 5 6 7 8 9 10 | 10.1
Poison Magic   | 1 2 3 4 |  4.3
Air Magic      | 1 2 |  2.4
Staves         | 3 5 6 8 9 |  9.6
Hexes          | 2 |  2.2
Throwing       | |  0.1
Stealth        | |  1.6
Shields        | |  0.9
Transmutations | |  0.4
Fire Magic     | |  0.2
Earth Magic    | |  0.5

Action                     |  1- 3 |  4- 6 |  7- 9 | 10-12 | 13-15 | 16-18 || total
---------------------------+-------+-------+-------+-------+-------+-------++-------
  Melee: Dagger            |    43 |   119 |   401 |   319 |       |       ||   882
         Punch             |       |     3 |     6 |     8 |    23 |     1 ||    41
         Staff             |       |       |     6 |   299 |  1115 |    87 ||  1507
         Rapier            |       |       |     5 |       |       |       ||     5
  Throw: Dart              |       |     4 |       |    32 |    77 |       ||   113
         Javelin           |       |       |       |     5 |    10 |       ||    15
   Cast: Magic Dart        |    70 |    45 |    86 |   127 |       |       ||   328
         Mephitic Cloud    |     2 |     2 |    25 |    47 |    88 |       ||   164
         Blink             |     1 |       |     4 |    17 |    16 |       ||    38
         Call Imp          |       |     7 |    29 |    40 |    22 |     1 ||    99
         Summon Forest     |       |       |       |    44 |   124 |     6 ||   174
         Tukima's Dance    |       |       |       |     2 |       |       ||     2
         Momentum Strike   |       |       |       |     9 |    13 |       ||    22
         Petrify           |       |       |       |       |     4 |       ||     4
         Passwall          |       |       |       |       |     1 |       ||     1
         Summon Cactus Gia |       |       |       |       |    23 |     4 ||    27
         Summon Mana Viper |       |       |       |       |    20 |     3 ||    23
         Sticky Flame      |       |       |       |       |     9 |     2 ||    11
         Flame Wave        |       |       |       |       |     3 |       ||     3
 Invoke: Potion Petition   |       |       |       |       |     5 |       ||     5
         Call Merchant     |       |       |       |       |     1 |       ||     1
Ability: Evoke the Staff o |       |       |       |    11 |    56 |       ||    67
  Evoke: Wand              |       |       |       |     1 |     4 |     2 ||     7
         Phial of floods   |       |       |       |       |     1 |       ||     1
    Use: Scroll            |     3 |     3 |     5 |    14 |    13 |     1 ||    39
         Potion            |       |     2 |     2 |     3 |     1 |     4 ||    12
   Stab: Sleeping          |       |     3 |     2 |       |     2 |       ||     7
         Confused          |       |       |     9 |    13 |    25 |       ||    47
         Distracted        |       |       |     1 |     6 |    11 |     1 ||    19
         Petrified         |       |       |       |       |    11 |       ||    11
         Invisible         |       |       |       |       |     1 |       ||     1
         Petrifying        |       |       |       |       |     1 |       ||     1
 Armour: Robe              |    12 |    26 |    61 |       |       |       ||    99
         Steam dragon scal |       |       |    27 |   222 |   287 |    14 ||   550
  Dodge: Dodged            |    18 |    52 |   212 |   392 |   616 |    34 ||  1324
         Repelled          |       |       |       |       |     6 |     1 ||     7
  Block: Other             |       |       |       |       |    74 |    31 ||   105

Table legend: (Time is in decaauts)
 A = Elapsed time spent in this place.
 B = Non-inter-level travel time spent in this place.
 C = Inter-level travel time spent in this place.
 D = Time resting spent in this place.
 E = Time spent auto-exploring this place.
 F = Levels seen in this place.
 G = Mean time per level.
                   A        B        C        D        E       F      G
               +--------+--------+--------+--------+--------+-----+--------+
         Total |  47618 |  45210 |   2408 |  18790 |  18492 |  26 | 1831.5 |
       Dungeon |  27733 |  25621 |   2112 |   9999 |  10872 |  14 | 1980.9 |
        Temple |     18 |     18 |      0 |      0 |      0 |   1 |   18.0 |
          Lair |  14417 |  14226 |    191 |   5998 |   6190 |   5 | 2883.4 |
  Orcish Mines |   4066 |   3963 |    103 |   2082 |   1148 |   2 | 2033.0 |
   Elven Halls |    457 |    456 |      1 |    315 |     56 |   1 |  457.0 |
         Abyss |    206 |    206 |      0 |     13 |     64 |   1 |  206.0 |
         Trove |     46 |     46 |      0 |      0 |      0 |   1 |   46.0 |
         Sewer |    671 |    671 |      0 |    383 |    162 |   1 |  671.0 |
               +--------+--------+--------+--------+--------+-----+--------+

Top non-repeatable levels by time:
  Lair:2: 4143 daAuts
     D:5: 3444 daAuts
  Lair:5: 3295 daAuts
     D:6: 3212 daAuts
   Orc:2: 2824 daAuts
  Lair:3: 2793 daAuts
    D:13: 2682 daAuts
  Lair:1: 2591 daAuts
     D:7: 2501 daAuts
     D:9: 2480 daAuts
     D:8: 1998 daAuts
     D:4: 1944 daAuts
    D:12: 1788 daAuts
    D:11: 1679 daAuts
    D:14: 1665 daAuts
